 Dungeon Crawl Stone Soup version 0.26.0-10-g1f06aea511 (webtiles) character file.

Game seed: 17891858219084567982

809 MajorAdolf the Skirmisher (level 7, -3/50 HPs)
             Began as an Octopode Wanderer on Jan 19, 2021.
             Slain by a sky beast (5 damage)
             ... on level 5 of the Dungeon.
             The game lasted 00:05:55 (6026 turns).

MajorAdolf the Skirmisher (Octopode Wanderer)       Turns: 6026, Time: 00:05:55

Health: -3/50      AC:  7    Str: 11    XL:     7   Next: 92%
Magic:  19/19      EV: 14    Int: 18    God:
Gold:   235        SH:  0    Dex: 10    Spells: 10/10 levels left

rFire    . . .     SeeInvis .   l - +4 club (spect)
rCold    . . .     Faith    .   (no shield)
rNeg     . . .     Spirit   .   (helmet restricted)
rPois    .         Reflect  .   (no amulet)
rElec    .         Harm     .   e - ring of stealth
rCorr    .         Rampage  .   j - +4 ring of protection
Will     .....                  n - ring of magical power
Stlth    +++.......             (no ring)
HPRegen  0.16/turn              (no ring)
MPRegen  0.16/turn              (no ring)
                                (no ring)
                                (no ring)

@: no status effects
A: almost no armour, stealthy swim, amphibious, 8 rings, constrict 8, tentacle
spike 1, thin metallic scales 1, camouflage 1, gelatinous body 1
a: no special abilities


You were on level 5 of the Dungeon.
You visited 1 branch of the dungeon, and saw 5 of its levels.

You collected 235 gold pieces.

Inventory:

Hand Weapons
 a - a +0 hand crossbow
 l - a +4 spectral club (weapon)
 s - a +0 war axe
Missiles
 c - 79 bolts
Jewellery
 e - a ring of stealth (left tentacle)
 j - a +4 ring of protection (right tentacle)
 n - a ring of magical power (on tentacle)
Wands
 r - a wand of polymorph (3)
Scrolls
 b - 4 scrolls of remove curse
 f - a scroll of amnesia
 h - 3 scrolls of magic mapping
 i - 2 scrolls of teleportation
 m - a scroll of random uselessness {unknown}
 p - a scroll of enchant weapon {unknown}
 q - a scroll of noise {unknown}
 u - 3 scrolls of blinking {unknown}
 v - 2 scrolls of identify
Potions
 d - a potion of flight {unknown}
 g - a potion of magic {unknown}
 k - 2 potions of heal wounds {unknown}
 o - a potion of resistance {unknown}
 t - 2 potions of lignification {unknown}
 w - a potion of curing


   Skills:
 + Level 5.2 Fighting
 * Level 4.8 Axes
 - Level 2.0 Crossbows
 + Level 3.5 Dodging
 - Level 1.3 Stealth
 + Level 3.7 Shields
 - Level 2.0 Spellcasting
 - Level 1.0 Fire Magic


You had 10 spell levels left.
You didn't know any spells.
Your spell library contained the following spells:

 Spells                   Type           Power        Failure   Level
 Foxfire                  Conj/Fire      12%          14%         1
 Conjure Flame            Conj/Fire      3%           41%         3
 Inner Flame              Hex/Fire       3%           41%         3
 Sticky Flame             Conj/Fire      3%           82%         4
 Fireball                 Conj/Fire      1%           99%         5


Dungeon Overview and Level Annotations

Branches:
Dungeon (5/15)
 Temple: D:4-7

Altars:


Innate Abilities, Weirdness & Mutations

You cannot wear most types of armour.
You are very stealthy in the water. (Stealth+)
You are amphibious.
You can wear up to eight rings at the same time.
You can use your tentacles to constrict eight enemies at once.
Your skin changes colour to match your surroundings (Stealth+).
Your rubbery body absorbs attacks. (AC +1, EV +1)
One of your tentacles bears a spike.
You are partially covered in thin metallic scales. (AC +2)


Message History

The sky beast is severely wounded.
The sky beast hits you. The sky beast shocks you.
* * * LOW HITPOINT WARNING * * *
Unknown command.
You hit the sky beast.
The sky beast is severely wounded.
The sky beast hits you.
* * * LOW HITPOINT WARNING * * *
The sky beast shocks you.
* * * LOW HITPOINT WARNING * * *
Unknown command.
The sky beast flickers out of sight!
Deactivating autopickup; reactivate with Ctrl-A.
Okay, then.
Something hits you but does no damage.
There is an escape hatch in the ceiling here.
Something hits you.
* * * LOW HITPOINT WARNING * * *
Something shocks you.
You die...

............. #....#....#..#.##
.............##..#.#.#.........
###..<.......................#
#.†............).[......##.#.
#............................
#.............................
#..............................
...............................
....####..#....@................
#.##. ##.......)......!.....^...
. ....(..#................... #
###....##..................
##### #....#####.#.##.#...#.##
....####...# #.#.#..##.##.#
.##........## #.....###....#
............#####....# #..#.#
########.............## #..#.#


There were no monsters in sight!

Vanquished Creatures
  Grinder (D:4)
  Edmund (D:5)
  A bullfrog zombie (D:4)
  2 bullfrog skeletons (D:4)
  3 orc wizards
  Jessica (D:2)
  Ijyb (D:3)
  Natasha (thrice) (D:3)
  An iguana (D:5)
  A worker ant (D:3)
  A hound skeleton (D:5)
  Robin (D:4)
  4 adders
  An adder skeleton (D:4)
  A worm (D:4)
  3 dart slugs
  2 leopard geckos (D:5)
  13 orcs
  A ball python (D:3)
  2 giant cockroaches
  8 goblins
  5 hobgoblins
  4 jackals
  A quokka (D:5)
  4 bats
  2 frilled lizards
  A jackal skeleton (D:4)
  A leopard gecko zombie (D:5)
  A quokka skeleton (D:4)
  A quokka zombie (D:5)
  4 rats
76 creatures vanquished.

Notes
Turn   | Place    | Note
-------+----------+-------------------------------------------
     0 | D:1      | MajorAdolf the Octopode Wanderer began the quest for the
                  | Orb.
     0 | D:1      | MajorAdolf set off with the following items: a +0 hand
                  | crossbow, 21 bolts, a potion of curing; and the following
                  | spell memorised: Foxfire; and the following spells
                  | available to memorise: Conjure Flame, Inner Flame, Sticky
                  | Flame, Fireball
     0 | D:1      | Reached XP level 1. HP: 16/16 MP: 3/3
   336 | D:1      | Reached XP level 2. HP: 21/21 MP: 5/5
  1378 | D:2      | Noticed Jessica
  1391 | D:2      | Killed Jessica
  1392 | D:2      | Reached skill level 1 in Dodging
  1392 | D:2      | Reached XP level 3. HP: 27/27 MP: 6/6
  1975 | D:3      | You fall into a shaft and drop 2 floors!
  1975 | D:5      | Entered Level 5 of the Dungeon
  2018 | D:3      | Reached skill level 4 in Fighting
  2599 | D:3      | Noticed Natasha
  2620 | D:3      | Noticed Ijyb
  2649 | D:3      | Killed Ijyb
  2650 | D:3      | Reached skill level 1 in Axes
  2650 | D:3      | Reached XP level 4. HP: 29/33 MP: 7/7
  3244 | D:3      | Killed Natasha
  3245 | D:3      | Reached XP level 5. HP: 34/37 MP: 8/8
  3377 | D:3      | Noticed Natasha
  3387 | D:3      | Killed Natasha
  3518 | D:4      | Noticed Grinder
  3588 | D:4      | Gained mutation: One of your tentacles bears a spike.
                  | [potion of mutation]
  3588 | D:4      | Gained mutation: You evolve. [potion of mutation]
  3588 | D:4      | Gained mutation: You are partially covered in thin metallic
                  | scales. (AC +2) [potion of mutation]
  3673 | D:3      | Noticed Natasha
  4019 | D:3      | Killed Natasha
  4367 | D:3      | Lost mutation: You evolve. [evolution]
  4388 | D:3      | Reached XP level 6. HP: 19/44 MP: 9/9
  5117 | D:4      | Paralysed by Grinder for 2 turns
  5124 | D:4      | Killed Grinder
  5125 | D:4      | Reached XP level 7. HP: 25/49 MP: 10/10
  5483 | D:4      | Noticed Robin
  5494 | D:4      | Killed Robin
  5588 | D:5      | Noticed Edmund
  5610 | D:5      | Reached skill level 5 in Fighting
  5623 | D:5      | Killed Edmund
  6026 | D:5      | HP: 2/50 [something (2)]
  6026 | D:5      | Slain by a sky beast

Illustrated notes

Levels and vault maps discovered:
D:1:      dpeg_arrival_pits, layout_loops_corners
D:2:      layout_basic, uniq_jessica
D:3:      minmay_angry_zag, layout_basic, uniq_ijyb, uniq_natasha
D:4:      layout_basic, chequers_serial_rivers_micro_e, mrwooster_statue_mirror,
          uniq_robin, uniq_grinder
D:5:      layout_rooms, minmay_temple_entry_poolview, uniq_edmund

Skill      XL: |  1  2  3  4  5  6  7 |
---------------+----------------------+-----
Dodging        | 1 2 3 |  3.5
Fighting       | 4 5 |  5.2
Axes           | 1 2 4 |  4.8
Shields        | 2 3 |  3.7
Crossbows      | |  2.0
Stealth        | |  1.3
Spellcasting   | |  2.0
Fire Magic     | |  1.0

Action                   |  1- 3 |  4- 6 |  7- 9 || total
-------------------------+-------+-------+-------++-------
Melee: Unarmed           |    15 |       |       ||    15
       Club              |     8 |    91 |    80 ||   179
       Constrict         |     1 |    20 |    11 ||    32
       Tentacles         |     1 |    11 |    15 ||    27
       Kick              |       |    16 |    15 ||    31
 Fire: Hand crossbow     |    43 |       |       ||    43
  Use: Scroll            |       |     5 |       ||     5
       Potion            |       |     4 |       ||     4
 Stab: Sleeping          |       |     4 |     3 ||     7
Armor: Skin              |     6 |    28 |    16 ||    50
Dodge: Dodged            |    22 |    63 |    35 ||   120
